[Event "Team 45 45 League T37"]
[Site "Internet Chess Club"]
[Date "2008.05.11"]
[Round "3"]
[White "ticopatzer"]
[Black "john-beebs"]
[Result "1/2-1/2"]
[WhiteElo "1388"]
[BlackElo "1539"]
[Opening "Ruy Lopez: closed, 9.h3"]
[ECO "C92"]
[Time "11:57:30"]
[TimeControl "2700+45"]

1. e4 e5 2. Nf3 Nc6 3. Bb5 a6 4. Ba4 Nf6 5. O-O b5 6. Bb3 d6 7. Re1 Be7 8. c3
O-O 9. h3 d5 10. exd5 Nxd5 11. Nxe5 Nxe5 12. Rxe5 Nf6 13. d4 Bd6 14. Re1 Bb7 15.
Nd2 c5 16. Nf3 c4 17. Bc2 h6 18. Ne5 Re8 19. b3 Bxe5 20. Rxe5 Rxe5 21. dxe5
Qxd1+ 22. Bxd1 Ne4 23. Bf3 Rd8 24. Be3 Ba8 25. Bd4 Nd2 26. Bxa8 Rxa8 27. f3 cxb3
28. axb3 Nxb3 29. Rd1 Rd8 30. Kf2 b4 31. Ke2 a5 32. Bb6 Rc8 33. cxb4 axb4 34.
Rb1 Nc1+ 35. Kd2 Na2 36. Ba5 Rc4 37. Rb2 Nc1 38. Rxb4 Rxb4 39. Bxb4 Nb3+ 40. Kd3
g5 41. g3 Nc1+ 42. Ke3 Kg7 43. f4 Kg6 44. Kf3 Nd3 45. Bc3 h5 46. Ke4 Nf2+ 47.
Kf3 Nxh3 48. Bd2 g4+ 49. Kg2 Kf5 50. Bc1 f6 51. exf6 Kxf6 52. Bb2+ Kf5 53. Bc1
Ke4 54. Bd2 Kf5 {Game drawn by mutual agreement} 1/2-1/2

[Event "Team 45 45 League T37"]
[Site "Internet Chess Club"]
[Date "2008.05.10"]
[Round "3"]
[White "curtintime"]
[Black "Kalar-Yadwa"]
[Result "1/2-1/2"]
[WhiteElo "1379"]
[BlackElo "1315"]
[Opening "Caro-Kann: Hillbilly attack"]
[ECO "B10"]
[Time "08:04:42"]
[TimeControl "2700+45"]

1. e4 c6 2. Bc4 d5 3. exd5 cxd5 4. Bb5+ Nc6 5. d4 Nf6 6. Bf4 Bf5 7. Nf3 a6 8.
Ba4 b5 9. Bb3 e6 10. Nh4 Bg4 11. f3 Bh5 12. g4 Bg6 13. Nxg6 fxg6 14. Qe2 Nxd4
15. Qd3 Bc5 16. Nd2 Rc8 17. c3 Nc6 18. O-O-O O-O 19. Rde1 Qd7 20. h4 Nxg4 21.
fxg4 Rxf4 22. Ne4 Ne5 23. Qg3 Rxe4 24. Rxe4 dxe4 25. Qxe5 Be3+ 26. Kb1 Re8 27.
Qxe4 Ba7 28. Re1 Kh8 29. Bxe6 Qd2 30. Qe2 Qxe2 31. Rxe2 h6 32. Re1 Bf2 33. Re4
Bxh4 34. Kc2 g5 35. Kb3 a5 36. a4 bxa4+ 37. Kxa4 g6 38. Bd5 Rxe4+ 39. Bxe4 Bf2
40. Kxa5 h5 41. gxh5 gxh5 42. Bg6 h4 43. Bh5 Kg7 44. Bg4 Kf7 45. Kb5 Kf6 46. c4
Ke5 47. c5 Kf4 48. c6 Kxg4 49. c7 h3 50. c8=Q+ Kg3 51. Qc7+ Kg2 52. Qc6+ Kg1 53.
Qc1+ Kg2 54. Qxg5+ Kf1 55. Qh5 Kg2 56. Qg4+ Bg3 {Game drawn by mutual agreement}
1/2-1/2

[Event "Team 45 45 League T37"]
[Site "Internet Chess Club"]
[Date "2008.05.10"]
[Round "3"]
[White "JustinZ"]
[Black "slakkjaw"]
[Result "0-1"]
[WhiteElo "1225"]
[BlackElo "1271"]
[Opening "Ruy Lopez: classical (Cordel) defense"]
[ECO "C64"]
[Time "14:14:00"]
[TimeControl "2700+45"]

1. e4 e5 2. Nf3 Nc6 3. Bb5 Bc5 4. O-O Nge7 5. d3 O-O 6. Bg5 f6 7. Bxc6 dxc6 8.
c3 fxg5 9. Nxg5 Ng6 10. Qh5 h6 11. Qxg6 Qxg5 12. Qxg5 hxg5 13. Nd2 Be6 14. Nf3
Bd6 15. Nxg5 Bd7 16. d4 exd4 17. cxd4 Be7 18. Nf3 Rad8 19. Ne5 Bf6 20. Ng6 Rf7
21. e5 Bf5 22. exf6 Bxg6 23. fxg7 Rxd4 24. Rad1 Rxd1 25. Rxd1 Kxg7 26. g3 Rf5
27. Rd7+ Rf7 28. Rd1 Bf5 29. h4 Kg6 30. Kg2 Bg4 31. Rd4 Bf3+ 32. Kh3 Bd5 33.
Rg4+ Kh6 34. a3 Rxf2 35. Rf4 Rxf4 36. gxf4 Kh5 37. Kg3 Be4 38. Kh3 a5 39. Kg3 b5
40. Kf2 Kxh4 41. Ke3 Bg6 42. Kd4 Kg4 43. Ke5 Bf5 44. Kd4 Kxf4 45. Kc5 Be6 46.
Kxc6 Bc4 47. Kxc7 a4 48. Kb6 Ke4 49. Kc5 Kd3 50. b4 Kc3 {White resigns} 0-1

[Event "Team 45 45 League T37"]
[Site "Internet Chess Club"]
[Date "2008.05.12"]
[Round "3"]
[White "Prop"]
[Black "albacore"]
[Result "0-1"]
[WhiteElo "1319"]
[BlackElo "1411"]
[Opening "Caro-Kann: advance variation"]
[ECO "B12"]
[Time "19:04:04"]
[TimeControl "2700+45"]

1. e4 c6 2. d4 d5 3. e5 Bf5 4. Bd3 Bxd3 5. Qxd3 e6 6. Ne2 Nd7 7. O-O c5 8. c3
cxd4 9. cxd4 Ne7 10. Bg5 Qb6 11. Nd2 h6 12. Bf4 Ng6 13. Nf3 Qxb2 14. Rfb1 Qa3
15. Qxa3 Bxa3 16. Rb3 Nxf4 17. Nxf4 Be7 18. Rxb7 Nb6 19. a4 Bd8 20. a5 Nc4 21.
a6 Bg5 22. Nxg5 hxg5 23. Rab1 O-O 24. Nd3 Na5 25. Rd7 Rfd8 26. Nc5 Rab8 27.
Rxd8+ Rxd8 28. Rb5 Nc6 29. g4 Nxd4 30. Nb7 Nxb5 31. Nxd8 Nc7 32. Nc6 Nxa6 33.
Nxa7 Nc5 34. f3 Nd3 35. Nc6 Kf8 36. Kf1 Ke8 37. Ke2 Nf4+ 38. Ke3 Kd7 39. Nd4 Ng6
40. h3 Nxe5 41. f4 Nc4+ 42. Kf3 gxf4 43. Kxf4 e5+ 44. Kg5 exd4 45. Kf4 d3 46.
Kf3 d2 47. Ke2 Ke6 48. g5 Kf5 49. h4 Kg4 50. Kd1 {White resigns} 0-1

[Event "Team 45 45 League T37"]
[Site "Internet Chess Club"]
[Date "2008.05.09"]
[Round "3"]
[White "reverendjim"]
[Black "moreffee"]
[Result "0-1"]
[WhiteElo "1189"]
[BlackElo "1275"]
[Opening "Scandinavian: Marshall variation"]
[ECO "B01"]
[Time "16:01:39"]
[TimeControl "2700+45"]

1. e4 d5 2. exd5 Nf6 3. d4 Nxd5 4. Nf3 a6 5. g3 Bg4 6. Bg2 e6 7. O-O Be7 8. c4
Nf6 9. Nc3 Nc6 10. Be3 O-O 11. a3 Qe8 12. Qb3 Na5 13. Qa2 Nc6 14. Ne5 Nxe5 15.
dxe5 Nd7 16. Bxb7 Nxe5 17. Bxa8 Qxa8 18. f4 Nf3+ 19. Rxf3 Bxf3 20. Rf1 Bg4 21.
b4 Rd8 22. Qc2 Bf5 23. Qf2 Bd3 24. Rd1 Bxc4 25. Rxd8+ Qxd8 26. Bc5 Bf6 27. Ne4
Qd1+ 28. Kg2 Bd5 29. Qe3 Qc2+ 30. Kh3 Qxe4 31. Qxe4 Bxe4 32. a4 e5 33. b5 axb5
34. axb5 exf4 35. gxf4 Bc3 36. Kg4 f5+ 37. Kg3 Kf7 38. h4 h5 39. Ba7 Ke6 40. Bc5
Ba5 41. Kf2 Bb6 42. Bxb6 cxb6 43. Ke3 Kd6 44. Kd4 Bf3 45. Ke3 Bd1 46. Kd4 Be2
{White resigns} 0-1

[Event "Team 45 45 League T37"]
[Site "Internet Chess Club"]
[Date "2008.05.12"]
[Round "3"]
[White "chips"]
[Black "jjaillet2007"]
[Result "1/2-1/2"]
[WhiteElo "1097"]
[BlackElo "1217"]
[Opening "French: exchange variation"]
[ECO "C01"]
[Time "21:07:30"]
[TimeControl "2700+45"]

1. e4 e6 2. d4 d5 3. exd5 exd5 4. Nc3 Bb4 5. Bd2 Nf6 6. Nf3 Bg4 7. Qe2+ Be6 8.
Ng5 O-O 9. Nxe6 fxe6 10. O-O-O Re8 11. Qf3 Nbd7 12. Qg3 c5 13. Ne2 Ne4 14. Qe3
Bxd2+ 15. Rxd2 Nxd2 16. Qxd2 e5 17. dxe5 Nxe5 18. Ng3 Nc4 19. Bxc4 dxc4 20. Qc3
Qd4 21. Qf3 Rf8 22. Qe3 Rxf2 23. Qe6+ Rf7 24. Rf1 Qd7 25. Qxc4 b5 26. Rxf7 Qxf7
27. Qxf7+ Kxf7 28. Ne4 c4 29. Nd6+ Kg6 30. Nxb5 Rf8 31. Nxa7 Rf2 32. Nc6 Rxg2
33. Ne5+ Kf6 34. Nxc4 Rxh2 35. a4 Ke6 36. b3 g5 37. Ne3 Rh3 38. Kd2 Ke5 39. a5
Rh1 40. b4 Kd4 41. c3+ Ke4 42. Ng4 Kf5 43. Ne3+ Ke4 44. Ng4 Kf5 45. Ne3+ {Game
drawn by mutual agreement} 1/2-1/2

[Event "Team 45 45 League T37"]
[Site "Internet Chess Club"]
[Date "2008.05.09"]
[Round "3"]
[White "king4aknight"]
[Black "DrOMM"]
[Result "0-1"]
[WhiteElo "1031"]
[BlackElo "1245"]
[Opening "Queen's pawn game, Krause variation"]
[ECO "D02"]
[Time "16:28:47"]
[TimeControl "2700+45"]

1. d4 d5 2. Nf3 c5 3. dxc5 Nc6 4. e3 a6 5. Nc3 Nf6 6. Bd3 e5 7. Ng5 h6 8. Nf3 e4
9. Be2 exf3 10. Bxf3 Be6 11. O-O Bxc5 12. Ne2 O-O 13. Nf4 Re8 14. Nh5 Nxh5 15.
Bxh5 Qc7 16. b3 Qe5 17. Bd2 Rad8 18. Qf3 Qf5 19. Qg3 Qxh5 20. e4 Bd6 21. f4 Nd4
22. Bc3 Ne2+ 23. Kf2 Nxg3 24. hxg3 dxe4 25. Rh1 Qc5+ {White resigns} 0-1

[Event "Team 45 45 League T37"]
[Site "Internet Chess Club"]
[Date "2008.05.14"]
[Round "3"]
[White "joaoazm"]
[Black "kjs110"]
[Result "0-1"]
[WhiteElo "1182"]
[BlackElo "1116"]
[Opening "King's pawn opening"]
[ECO "B07"]
[Time "14:04:41"]
[TimeControl "2700+45"]

1. e4 d6 2. Nc3 Nf6 3. Bc4 g6 4. Nf3 Bg7 5. d3 O-O 6. O-O e5 7. Bg5 h6 8. Bxf6
Qxf6 9. Nd5 Qd8 10. c3 Be6 11. Bb3 c6 12. Ne3 d5 13. exd5 cxd5 14. c4 e4 15. Ne1
Bxb2 16. Rb1 Bg7 17. dxe4 dxe4 18. Qxd8 Rxd8 19. N1c2 Nc6 20. a3 Nd4 21. Nxd4
Bxd4 22. Rfd1 Rac8 23. Nd5 Bc5 24. Nf6+ Kg7 25. Nxe4 Bxa3 26. Rxd8 Rxd8 27. f3
Rd3 28. Bc2 Rd7 29. Bb3 Rc7 30. Ra1 Bb2 31. Rxa7 Bd4+ 32. Kf1 Bxa7 33. Nd2 Be3
34. Ke2 Bxd2 35. Kxd2 Bxc4 36. Bxc4 Rxc4 {White resigns} 0-1

[Event "Team 45 45 League T37"]
[Site "Internet Chess Club"]
[Date "2008.05.12"]
[Round "3"]
[White "bjc"]
[Black "Visin"]
[Result "1-0"]
[WhiteElo "1315"]
[BlackElo "1285"]
[Opening "Ruy Lopez: 5.O-O"]
[ECO "C78"]
[Time "11:26:49"]
[TimeControl "2700+45"]

1. e4 e5 2. Nf3 Nc6 3. Bb5 a6 4. Ba4 Nf6 5. O-O b5 6. Bb3 Be7 7. c3 O-O 8. d4 d6
9. h3 Bb7 10. Re1 exd4 11. cxd4 Na5 12. Bc2 c5 13. d5 Nc4 14. b3 Ne5 15. Nc3 Rc8
16. Bf4 Qc7 17. Ne2 Nxf3+ 18. gxf3 Qd7 19. Kh2 Nh5 20. Rf1 Bf6 21. Qd3 Bxa1 22.
Rxa1 Rce8 23. e5 g6 24. Bh6 Bc8 25. Rh1 Rxe5 26. f4 c4 27. bxc4 bxc4 28. Qf3
Ree8 29. Kg1 Re7 30. Kf1 Rfe8 31. Bd1 f5 32. Rg1 Kf7 33. Kg2 Bb7 34. Kh2 Qb5 35.
Nd4 Qxd5 36. Bg5 Qxf3 37. Nxf3 Rc7 38. Nd2 d5 39. Kg2 d4+ 40. Kf1 c3 41. Bb3+
Kg7 42. Nc4 Rd8 43. Bxd8 Nxf4 44. Bxc7 Bd5 45. Be5+ Kg8 46. Bxd4 Bxc4+ 47. Bxc4+
Kf8 48. Bxc3 Nxh3 49. Rg3 Nf4 50. Bb4+ Kg7 51. Re3 h5 52. Re7+ Kh6 53. Re8 g5
54. Rh8+ Kg7 55. Bc3+ Kg6 56. Rg8+ Kh7 57. Rxg5 h4 {Black resigns} 1-0

[Event "Team 45 45 League T37"]
[Site "Internet Chess Club"]
[Date "2008.05.09"]
[Round "3"]
[White "Skyler"]
[Black "rpgrossman"]
[Result "1-0"]
[WhiteElo "1251"]
[BlackElo "1098"]
[Opening "Queen's pawn, Mason variation"]
[ECO "D00"]
[Time "09:00:46"]
[TimeControl "2700+45"]

1. d4 d5 2. Bf4 Nf6 3. e3 g6 4. c3 Bg7 5. Nf3 O-O 6. Bd3 c6 7. Nbd2 Qb6 8. Qb3
Qxb3 9. axb3 Bg4 10. c4 Bxf3 11. Nxf3 Na6 12. Ke2 Nb4 13. Ra3 Nxd3 14. Kxd3 Ng4
15. Ke2 a6 16. h3 Nf6 17. Rc1 Rac8 18. c5 Nh5 19. Bh2 Rfd8 20. b4 e6 21. b3 Ra8
22. Rca1 Bf8 23. Ra4 Nf6 24. Kd3 Rdb8 25. Bxb8 Rxb8 26. Nd2 Nd7 27. Kc3 b6 28.
Rxa6 bxc5 29. bxc5 Bg7 30. Ra8 Rxa8 31. Rxa8+ Bf8 32. Rc8 Nf6 33. Rxc6 Ne4+ 34.
Nxe4 dxe4 35. b4 Be7 36. b5 {Black resigns} 1-0

[Event "Team 45 45 League T37"]
[Site "Internet Chess Club"]
[Date "2008.05.12"]
[Round "3"]
[White "Daidalos"]
[Black "bowwrestler"]
[Result "1/2-1/2"]
[WhiteElo "1009"]
[BlackElo "957"]
[Opening "English: Sicilian reversed"]
[ECO "A25"]
[Time "11:54:39"]
[TimeControl "2700+45"]

1. c4 e5 2. Nc3 Nc6 3. e4 Bc5 4. Bd3 Nf6 5. h3 d6 6. Nf3 Be6 7. O-O h6 8. a3 a6
9. Qc2 g5 10. Be2 Qd7 11. b4 Ba7 12. Rb1 g4 13. hxg4 Bxg4 14. d3 h5 15. Nh4 Nd4
16. Qd2 Nxe2+ 17. Nxe2 Qe7 18. Nc3 O-O-O 19. Nd5 Qe6 20. Nxf6 Qxf6 21. Qg5 Qxg5
22. Bxg5 Rdg8 23. Bf6 Rh7 24. g3 Bh3 25. Ng2 Bxg2 26. Kxg2 Bd4 27. Bh4 Rf8 28.
b5 axb5 29. Rxb5 c6 30. Ra5 Kc7 31. Ra4 Rh6 32. Rb4 f6 33. Rfb1 Rb8 34. a4 Bc3
35. R4b3 Ba5 36. Rf1 Bd2 37. Kf3 Kd7 38. Ke2 Bg5 39. Bxg5 fxg5 40. Rh1 h4 41. g4
Kc7 42. Rh3 Rf8 43. Rb2 Rhf6 44. Kf1 Rf4 {Game drawn by mutual agreement}
1/2-1/2

[Event "Team 45 45 League T37"]
[Site "Internet Chess Club"]
[Date "2008.05.07"]
[Round "3"]
[White "vkpanch"]
[Black "az2112"]
[Result "0-1"]
[WhiteElo "1658"]
[BlackElo "1717"]
[Opening "Ruy Lopez: closed"]
[ECO "C90"]
[Time "21:40:20"]
[TimeControl "2700+45"]

1. e4 e5 2. Nf3 Nc6 3. Bb5 a6 4. Ba4 Nf6 5. O-O Be7 6. Re1 b5 7. Bb3 d6 8. h3
Na5 9. c3 Nxb3 10. Qxb3 Bb7 11. Ng5 O-O 12. d4 h6 13. Nf3 exd4 14. cxd4 Bxe4 15.
Nbd2 Bd5 16. Qe3 Re8 17. Qf4 Qd7 18. Nh4 g5 19. Qg3 Nh5 20. Qg4 Qxg4 21. hxg4
Nf4 22. Nhf3 Bf6 23. Rxe8+ Rxe8 24. g3 Ne2+ 25. Kg2 Nxd4 26. a4 Re1 27. axb5 Ne2
28. bxa6 Rxc1 29. Rxc1 Nxc1 30. Kh3 Nd3 31. b3 Nxf2+ 32. Kg2 Nxg4 33. Nc4 Bd4
34. Na3 Ne3+ 35. Kf2 Bb6 36. Nb5 Nf5+ 37. Kg2 Bxf3+ 38. Kxf3 Nd4+ 39. Nxd4 Bxd4
40. Ke4 Bb6 41. Kd5 f5 42. b4 f4 43. gxf4 gxf4 44. Ke4 f3 45. Kxf3 Kf7 46. b5 h5
47. Kg3 Ke7 48. Kh4 Kf6 49. Kxh5 Kf5 50. Kh4 Ke5 51. Kg3 Kd5 52. Kf3 Kc4 53. Ke2
Kxb5 54. Kd3 Kxa6 55. Kc4 Ka5 56. Kd5 Kb5 57. Ke4 Kc4 58. Kf3 Kd3 59. Kg2 Ke2
60. Kg3 d5 61. Kf4 d4 62. Ke4 d3 63. Ke5 d2 64. Ke4 d1=Q 65. Ke5 Qd6+ 66. Ke4 c5
67. Kf5 Qe7 68. Kf4 Qe3+ 69. Kf5 Kf3 70. Kf6 Kf4 71. Kg6 Ke5 72. Kf7 Kd6 73. Kf6
Qe6+ 74. Kg7 Ke5 75. Kf8 Qd7 76. Kg8 Kf6 77. Kh8 Qg7# {White checkmated} 0-1

[Event "Team 45 45 League T37"]
[Site "Internet Chess Club"]
[Date "2008.05.12"]
[Round "3"]
[White "Chess2Play"]
[Black "avila"]
[Result "0-1"]
[WhiteElo "1606"]
[BlackElo "1648"]
[Opening "QGD Slav: exchange variation"]
[ECO "D15"]
[Time "22:00:50"]
[TimeControl "2700+45"]

1. d4 d5 2. c4 c6 3. Nc3 Nf6 4. Nf3 Bf5 5. cxd5 cxd5 6. e3 Nbd7 7. Qb3 Nb6 8.
Bb5+ Bd7 9. Ne5 e6 10. Nxd7 Nfxd7 11. O-O Bd6 12. e4 dxe4 13. Nxe4 Bxh2+ 14.
Kxh2 Qh4+ 15. Kg1 Qxe4 16. Be3 O-O 17. Bxd7 Nxd7 18. Rac1 Rac8 19. Rfe1 Qd5 20.
Qxd5 exd5 21. f3 f5 22. Bf4 Kf7 23. Kf2 h6 24. Bd6 Rxc1 25. Rxc1 Rd8 26. Re1 Re8
27. Rxe8 Kxe8 28. Kg3 Kf7 29. Kf4 Ke6 30. Bb4 g5+ 31. Ke3 f4+ 32. Kf2 h5 33. Bd2
Kf5 34. g3 fxg3+ 35. Kxg3 Nb8 36. f4 h4+ 37. Kf3 g4+ 38. Kg2 Nc6 39. Be3 Ke4 40.
Bf2 g3 41. Bg1 Kxf4 42. Kh3 Ke4 43. Kxh4 Nxd4 44. Kxg3 Ne2+ {White resigns} 0-1

[Event "Team 45 45 League T37"]
[Site "Internet Chess Club"]
[Date "2008.05.10"]
[Round "3"]
[White "sakschess"]
[Black "NaoXidnan"]
[Result "1/2-1/2"]
[WhiteElo "1485"]
[BlackElo "1647"]
[Opening "Sicilian: Alapin's variation (2.c3)"]
[ECO "B22"]
[Time "22:06:25"]
[TimeControl "2700+45"]

1. e4 c5 2. c3 d5 3. exd5 Qxd5 4. d4 cxd4 5. cxd4 Nc6 6. Nf3 Bg4 7. Be2 Nf6 8.
Nc3 Qd8 9. O-O Rb8 10. Bf4 Rc8 11. Be3 e6 12. h3 Bh5 13. Qa4 Be7 14. Ne5 Bxe2
15. Nxe2 O-O 16. Nxc6 Rxc6 17. Rac1 Rxc1 18. Rxc1 Nd5 19. Qxa7 Qd7 20. Qa5 Nxe3
21. fxe3 Rc8 22. Rxc8+ Qxc8 23. Qc3 Qd7 24. Kf1 g6 25. a3 Qb5 26. Ke1 Qf5 27.
Qc8+ Kg7 28. Qxb7 Qb1+ 29. Kd2 Bg5 30. Qb5 h6 31. Qb7 Qh1 32. Qf3 Qb1 33. Qb7
Qh1 34. a4 Bh4 35. Qf3 Qe1+ 36. Kc2 Bg5 37. g3 Bf6 38. Nc3 Qg1 39. Ne4 Qh2+ 40.
Qf2 Qxf2+ 41. Nxf2 e5 42. d5 Kf8 43. e4 Ke7 44. Kb3 Kd7 45. Kc4 Be7 46. b4 Kc7
47. Nd3 Bd6 48. Nc5 f5 49. Ne6+ Kb6 50. a5+ Kb7 51. exf5 gxf5 52. Ng7 f4 53.
gxf4 exf4 54. Nf5 Be5 55. Kc5 f3 56. Ne3 Bf4 57. Nf1 Kc7 58. a6 Bd6+ 59. Kc4 Kb6
60. b5 f2 61. Kd3 Bc5 62. Kc4 Bd6 63. Ne3 Bc5 64. Nf1 Bd6 65. Ne3 {Game drawn by
mutual agreement} 1/2-1/2

[Event "Team 45 45 League T37"]
[Site "Internet Chess Club"]
[Date "2008.05.10"]
[Round "3"]
[White "Toalla"]
[Black "Caminator"]
[Result "1-0"]
[WhiteElo "1342"]
[BlackElo "1297"]
[Opening "King's Indian: 5.Nf3"]
[ECO "E90"]
[Time "13:31:27"]
[TimeControl "2700+45"]

1. d4 Nf6 2. c4 g6 3. Nc3 Bg7 4. Nf3 d6 5. e4 Bg4 6. Be3 Nbd7 7. h3 Bxf3 8. Qxf3
e5 9. d5 a6 10. b4 Qe7 11. Bd3 c6 12. O-O O-O 13. a4 cxd5 14. Nxd5 Nxd5 15. cxd5
Rac8 16. Rfc1 Rxc1+ 17. Rxc1 f5 18. Rc7 fxe4 19. Qxe4 Rb8 20. b5 axb5 21. axb5
Qd8 22. b6 Nf6 23. Qc4 Ra8 24. Rxb7 Ra1+ 25. Kh2 e4 26. Bd4 Qa8 27. Rxg7+ Kxg7
28. Qc7+ Kh6 29. Be3+ g5 30. Be2 Qxd5 31. b7 Rb1 32. b8=Q Rxb8 33. Qxb8 Qe5+ 34.
g3 Nd5 35. Bd2 Qf6 36. Kg2 Ne7 37. f4 gxf4 38. Bxf4+ Kg7 39. Bxd6 Nc6 40. Qc7+
Ne7 41. Be5 Qxe5 42. Qxe5+ Kf7 43. Bc4+ Kf8 44. Qxe4 Ng6 45. Qf5+ Kg7 46. g4
Nh4+ 47. Kg3 Nxf5+ 48. gxf5 Kf6 49. Be6 Kg5 50. h4+ Kf6 51. Kg4 Kg7 52. Kg5 Kf8
53. Kh6 Ke7 54. Kxh7 Kf6 55. Kh6 Ke7 56. Kg5 Ke8 57. Kg6 Kf8 58. h5 Ke8 59. h6
Kf8 60. h7 Ke7 61. h8=Q Kd6 62. Qd4+ Kc6 63. Kf6 Kc7 64. Ke7 Kc6 65. Qc4+ Kb6
66. Kd6 Kb7 67. Qb4+ Ka8 68. Kc6 Ka7 69. Qb7# {Black checkmated} 1-0

[Event "Team 45 45 League T37"]
[Site "Internet Chess Club"]
[Date "2008.05.12"]
[Round "3"]
[White "aifan376"]
[Black "Kingofknights"]
[Result "1-0"]
[WhiteElo "1624"]
[BlackElo "1811"]
[Opening "Caro-Kann: exchange variation"]
[ECO "B13"]
[Time "19:00:56"]
[TimeControl "2700+45"]

1. e4 c6 2. d4 d5 3. exd5 cxd5 4. Nc3 a6 5. Nf3 Bg4 6. h3 Bh5 7. Be2 e6 8. a3
Be7 9. O-O Qc7 10. Re1 Nf6 11. Ng5 Bxe2 12. Qxe2 h6 13. Nxf7 Kxf7 14. Qxe6+ Kf8
15. Nxd5 Nxd5 16. Qxd5 Qd7 17. Qf3+ Bf6 18. c3 Nc6 19. Bf4 Qf7 20. Bd6+ Kg8 21.
Re2 Bxd4 22. Qxf7+ Kxf7 23. cxd4 Nxd4 24. Re7+ Kf6 25. Rxb7 Rhe8 26. Kf1 Re6 27.
Bc5 Nf5 28. Re1 Rxe1+ 29. Kxe1 Re8+ 30. Kd2 Rd8+ 31. Kc3 Rd1 32. Rb6+ Ke5 33.
Rxa6 Rc1+ 34. Kb4 Kd5 35. Be3 Nxe3 36. fxe3 Rc2 37. Kb3 Rxg2 38. a4 Rg3 39. a5
Rxe3+ 40. Kb4 Rxh3 41. Rg6 Rh1 42. Rxg7 Ra1 43. Kb5 Ra2 44. b4 Rh2 45. a6 Rh5
46. a7 Kd6+ 47. Kb6 Rh4 48. a8=Q Rxb4+ 49. Ka5 {Black resigns} 1-0

[Event "Team 45 45 League T37"]
[Site "Internet Chess Club"]
[Date "2008.05.10"]
[Round "3"]
[White "tryanything"]
[Black "Trevorking"]
[Result "1/2-1/2"]
[WhiteElo "1682"]
[BlackElo "1491"]
[Opening "English: symmetrical, four knights system"]
[ECO "A16"]
[Time "19:43:28"]
[TimeControl "2700+45"]

1. c4 Nf6 2. Nc3 c5 3. Nf3 Nc6 4. g3 e6 5. Bg2 Be7 6. O-O O-O 7. d3 b6 8. Bf4
Bb7 9. Ne5 Nxe5 10. Bxb7 Rb8 11. Bg2 d6 12. Qa4 a5 13. Nb5 Ng6 14. Bd2 Ne8 15.
Na7 Qc7 16. Nc6 Rc8 17. Nxe7+ Qxe7 18. Qc2 Nc7 19. a3 d5 20. b4 axb4 21. axb4
cxb4 22. Qb3 dxc4 23. dxc4 Qd7 24. Bxb4 Rfd8 25. Ra7 Qe8 26. Rfa1 b5 27. c5 Nd5
28. Rb7 Rb8 29. Raa7 Rxb7 30. Rxb7 Nxb4 31. Qxb4 Rd1+ 32. Bf1 Qc6 33. Rb8+ Nf8
34. f3 g6 35. Qxb5 Qxb5 36. Rxb5 Rc1 37. Kf2 Nd7 38. Rb7 Nxc5 39. Rc7 Rc2 40.
Ke3 Rc1 41. Bh3 Rc3+ 42. Kd4 Rc2 43. Rxc5 Rxe2 44. Rc3 Rxh2 45. Bf1 Kg7 46. g4
Kf6 47. Ke4 h5 48. gxh5 Rxh5 49. Bc4 Re5+ 50. Kf4 Rf5+ 51. Kg3 Rg5+ 52. Kf2 Rc5
53. Rc2 Ke5 54. Bd3 Rxc2+ 55. Bxc2 g5 56. Ke3 f5 {Game drawn by mutual
agreement} 1/2-1/2

[Event "Team 45 45 League T37"]
[Site "Internet Chess Club"]
[Date "2008.05.11"]
[Round "3"]
[White "OldBoy"]
[Black "klutzer"]
[Result "1/2-1/2"]
[WhiteElo "1561"]
[BlackElo "1643"]
[Opening "Sicilian: Canal-Sokolsky attack, 3...Bd7"]
[ECO "B52"]
[Time "08:01:08"]
[TimeControl "2700+45"]

1. e4 c5 2. Nf3 d6 3. Bb5+ Bd7 4. Bxd7+ Nxd7 5. O-O e6 6. c3 Ngf6 7. Re1 Be7 8.
d4 d5 9. Nbd2 O-O 10. exd5 Nxd5 11. Ne4 Rc8 12. dxc5 Nxc5 13. Nd4 a6 14. Nxc5
Bxc5 15. Qe2 Qf6 16. Nf3 Rfd8 17. Bg5 Nf4 18. Bxf6 Nxe2+ 19. Rxe2 gxf6 20. Rd2
Rxd2 21. Nxd2 Rd8 22. Ne4 Be7 23. b4 f5 24. Ng3 Rd2 25. Kf1 Rc2 26. Ne2 Bf6 27.
a4 Bxc3 28. Nxc3 Rxc3 29. Rb1 Kf8 30. g3 Ke7 31. Kg2 e5 32. Kh3 Rc4 33. a5 Ke6
34. b5 Rc2 35. bxa6 bxa6 36. Rb6+ Kd5 37. Rxa6 Ra2 38. Rf6 Rxf2 39. Rxf7 Ra2 40.
Rxf5 Rxa5 41. Kh4 Ke6 42. g4 Ra4 43. Kg5 e4 44. Kf4 e3+ 45. Kxe3 Rxg4 46. Rh5
Rg7 47. Ke4 Rf7 48. h4 Kf6 49. Rf5+ Ke6 50. Rxf7 Kxf7 51. Kf5 h6 52. h5 Kg7 53.
Ke6 Kg8 54. Kf6 Kh7 55. Kf7 Kh8 56. Kg6 Kg8 57. Kxh6 Kh8 58. Kg6 Kg8 59. h6 Kh8
60. h7 {Black stalemated} 1/2-1/2

[Event "Team 45 45 League T37"]
[Site "Internet Chess Club"]
[Date "2008.05.11"]
[Round "3"]
[White "Fineas-Fogg"]
[Black "scottrugby"]
[Result "1-0"]
[WhiteElo "1436"]
[BlackElo "1585"]
[Opening "Réti opening"]
[ECO "A04"]
[Time "19:35:35"]
[TimeControl "2700+45"]

1. Nf3 c5 2. g3 g6 3. Bg2 Bg7 4. e4 Nc6 5. d3 d6 6. Nbd2 Nf6 7. a4 a5 8. c3 O-O
9. Nc4 Bg4 10. O-O Nd7 11. Ne3 Be6 12. Ng5 Nde5 13. Nxe6 fxe6 14. f4 Nd7 15. Bd2
Qb6 16. Nc4 Qc7 17. Qb3 Rab8 18. f5 d5 19. exd5 exd5 20. Bxd5+ Kh8 21. fxg6 Nf6
22. Bf4 e5 23. Nxe5 Nxe5 24. d4 Nxd5 25. Qxd5 Rfd8 26. Qe4 cxd4 27. cxd4 Qb6 28.
Bxe5 Bxe5 29. Qxe5+ Kg8 30. gxh7+ Kxh7 31. Rf7+ Kg6 32. Rg7+ Kh6 33. Qg5# {Black
checkmated} 1-0

[Event "Team 45 45 League T37"]
[Site "Internet Chess Club"]
[Date "2008.05.11"]
[Round "3"]
[White "CLEAN"]
[Black "EyeAm"]
[Result "0-1"]
[WhiteElo "1284"]
[BlackElo "1406"]
[Opening "Four knights: Italian variation"]
[ECO "C47"]
[Time "17:58:51"]
[TimeControl "2700+45"]

1. e4 e5 2. Nf3 Nf6 3. Nc3 Nc6 4. Bc4 Nxe4 5. Nxe4 d5 6. Bd3 dxe4 7. Bxe4 Bd6 8.
c3 f5 9. Bxc6+ bxc6 10. d4 e4 11. Ne5 Bxe5 12. dxe5 Qxd1+ 13. Kxd1 Ba6 14. f3
Rd8+ 15. Ke1 Bd3 16. Bg5 Rd5 17. Bf4 c5 18. c4 Bxc4 19. fxe4 fxe4 20. Rd1 Rxd1+
21. Kxd1 Bxa2 22. Re1 Bd5 23. e6 c6 24. Bd6 c4 25. Kd2 Kd8 26. Kc3 Bxe6 27. Rxe4
Kd7 28. Ba3 Rb8 29. Rd4+ Bd5 30. b4 cxb3 31. Rc4 Bxc4 32. Kxc4 b2 33. Bxb2 Rxb2
{White resigns} 0-1

[Event "Team 45 45 League T37"]
[Site "Internet Chess Club"]
[Date "2008.05.13"]
[Round "3"]
[White "Hastings"]
[Black "supraholic"]
[Result "1-0"]
[WhiteElo "1411"]
[BlackElo "1328"]
[Opening "Vienna game"]
[ECO "C28"]
[Time "18:04:30"]
[TimeControl "2700+45"]

1. e4 e5 2. Bc4 Nf6 3. Nc3 Nc6 4. f4 Bc5 5. Nf3 Ng4 6. Rf1 Nd4 7. Bxf7+ Kxf7 8.
Ng5+ Kg6 9. Qxg4 d6 10. Ne6+ Kh6 11. Qxg7+ {Black resigns} 1-0

[Event "Team 45 45 League T37"]
[Site "Internet Chess Club"]
[Date "2008.05.10"]
[Round "3"]
[White "CoasterBrake"]
[Black "tmac63"]
[Result "1-0"]
[WhiteElo "1105"]
[BlackElo "1024"]
[Opening "English: symmetrical variation"]
[ECO "A34"]
[Time "11:37:05"]
[TimeControl "2700+45"]

1. c4 c5 2. Nc3 d6 3. g3 e6 4. Nf3 Nf6 5. Bg2 Be7 6. O-O O-O 7. e3 Nc6 8. d4 b6
9. Ng5 d5 10. cxd5 exd5 11. Nf3 c4 12. a3 a5 13. Re1 Ba6 14. e4 Re8 15. Bg5 h6
16. Bxf6 Bxf6 17. e5 Bg5 18. Nxg5 Qxg5 19. Nxd5 f6 20. Nc7 b5 21. Nxa8 Rc8 22.
Nb6 Rc7 23. e6 Ne7 24. d5 Bb7 25. d6 Rc5 26. Bxb7 Qh5 27. d7 Qh3 28. d8=Q+ Kh7
29. Be4+ g6 30. Qxe7+ Kg8 31. Qdd8# {Black checkmated} 1-0

[Event "Team 45 45 League T37"]
[Site "Internet Chess Club"]
[Date "2008.05.12"]
[Round "3"]
[White "BosqueVerde"]
[Black "furrbrain"]
[Result "0-1"]
[WhiteElo "1231"]
[BlackElo "1213"]
[Opening "Nimzo-Indian: classical, 4...c5"]
[ECO "E38"]
[Time "20:00:25"]
[TimeControl "2700+45"]

1. d4 e6 2. c4 Nf6 3. Nc3 Bb4 4. Qc2 c5 5. a3 cxd4 6. axb4 dxc3 7. bxc3 Nc6 8.
Nf3 O-O 9. e3 b6 10. Bd3 h6 11. O-O e5 12. Ba3 Re8 13. e4 d6 14. h3 Bb7 15. c5
a5 16. Bb5 bxc5 17. bxc5 d5 18. exd5 Qxd5 19. Rfd1 Qe6 20. Rd6 Qc8 21. Qa4 Re6
22. Rad1 Rxd6 23. cxd6 e4 24. Nd4 Ne5 25. f4 Nf3+ 26. gxf3 Qxh3 27. Bc6 Bxc6 28.
Qxc6 Rc8 29. Qb7 Rxc3 30. Qa8+ Kh7 31. Qxa5 exf3 32. Nxf3 Rxf3 33. Qd2 Rg3+ 34.
Qg2 Qxg2# {White checkmated} 0-1